 Dungeon Crawl Stone Soup version 0.17.0-56-gd8de76c (console) character file.

364 Kloppie the Chiller (level 6, 0/45 HPs)
             Began as a Draconian Ice Elementalist on Dec 5, 2015.
             Slain by futacatgirl's ghost (1 damage)
             ... on level 4 of the Dungeon.
             The game lasted 00:08:33 (3930 turns).

Kloppie the Chiller (Draconian Ice Elementalist)    Turns: 3930, Time: 00:08:33

Health: 0/45       AC: 14    Str: 10    XL:     6   Next: 39%
Magic:  9/10       EV: 12    Int: 18    God:
Gold:   163        SH:  0    Dex: 11    Spells: 3 memorised, 3 levels left

rFire  . . .     SeeInvis .     t - +3 mace (crush)
rCold  . . .     Clarity  .     (armour unavailable)
rNeg   . . .     SustAt   .     (no shield)
rPois  .         Gourm    .     (helmet restricted)
rElec  .         Spirit   .     (no cloak)
rCorr  .         Warding  .     f - +0 pair of gloves
rMut   .         Stasis   .     j - +1 pair of boots
MR     .....                    (no amulet)
Stlth  +.........               (no ring)
                                (no ring)

@: confused, icy armour (expiring), glowing, not resistant to hostile
enchantments, very unstealthy
A: unfitting armour, cold-blooded, AC +6
a: no special abilities


You were on level 4 of the Dungeon.
You were hungry.

You visited 1 branch of the dungeon, and saw 4 of its levels.
You also visited: Sewer.

You collected 163 gold pieces.

Inventory:

Hand Weapons
 c - a +0 club
 o - a +0 whip
 t - a +3 mace of crushing (weapon)
Armour
 f - a +0 pair of gloves (worn)
 j - a +1 pair of boots (worn)
Jewellery
 l - an uncursed amulet of faith {unknown}
Wands
 y - a wand of magic darts (22)
Scrolls
 d - a scroll of fog {unknown}
 p - 2 scrolls of identify {unknown}
 r - 2 scrolls of remove curse {unknown}
 w - a scroll of noise {unknown}
 x - 2 scrolls of blinking {unknown}
Potions
 e - 2 potions of heal wounds {unknown}
 h - a potion of ambrosia {unknown}
 i - a potion of mutation {unknown}
 k - 2 potions of cancellation {unknown}
 m - 2 potions of resistance {unknown}
 s - a potion of poison {unknown}
 u - a potion of lignification {unknown}
 z - a potion of flight {unknown}
 A - a potion of berserk rage {unknown}
Books
 a - a book of Frost

   Spells                             Type                      Level
   a - Freeze                         Ice                          1
   b - Throw Frost                    Conjuration/Ice              2
   c - Ozocubu's Armour               Charms/Ice                   3
   d - Throw Icicle                   Conjuration/Ice              4
   e - Summon Ice Beast               Ice/Summoning                4
   f - Condensation Shield            Ice                          4
 B - a Grand Grimoire

   Spells                             Type                      Level
   a - Monstrous Menagerie            Summoning                    6
   b - Summon Greater Demon           Summoning                    7
   c - Malign Gateway                 Summoning/Translocation      7
   d - Summon Horrible Things         Summoning                    8
Comestibles
 b - 2 bread rations
 g - 3 meat rations
 n - 4 fruits
 q - a royal jelly
 C - a slice of pizza


   Skills:
 + Level 3.0 Dodging
 - Level 1.7 Stealth
 - Level 3.3 Spellcasting
 + Level 2.9 Conjurations
 + Level 5.2 Ice Magic


You had 3 spell levels left.
You knew the following spells:

 Your Spells              Type           Power        Failure   Level  Hunger
a - Freeze                Ice            ###.         1%          1    None
b - Ozocubu's Armour      Chrm/Ice       ##......     21%         3    ###....
c - Throw Icicle          Conj/Ice       ###.....     34%         4    ####...


Dungeon Overview and Level Annotations

Branches:
Dungeon (4/15)
 Temple: D:4-7

Altars:
Ru

Annotations:
D:4 futacatgirl's ghost, amateur FeEn


Innate Abilities, Weirdness & Mutations

Your plain brown scales are hard (AC +6).
Your body does not fit into most forms of armour.
You are cold-blooded and may be slowed by cold attacks.


Message History

You miss futacatgirl's ghost.
Futacatgirl's ghost is heavily damaged.
Futacatgirl's ghost hits you.
* * * LOW HITPOINT WARNING * * *
Futacatgirl's ghost casts a spell at you.
You are confused.
You completely miss futacatgirl's ghost.
Your tail-slap misses futacatgirl's ghost.
Futacatgirl's ghost is heavily damaged.
Futacatgirl's ghost barely misses you.
You closely miss futacatgirl's ghost.
Futacatgirl's ghost is heavily damaged.
Your icy armour starts to melt.
Futacatgirl's ghost casts a spell at you.
You are more confused.
Futacatgirl's ghost misses you.
You miss futacatgirl's ghost.
Futacatgirl's ghost is heavily damaged.
Futacatgirl's ghost hits you.
You die...

..........# ..........#
.)........# .........<#
########### #.........#
#..........
#..(..##+##############..........
).....'....................>.....
#.....##..######W##..............
#...(.##..# #@##.#.##'########
#.....#...# #.##†#....#
#.....#≈≈≈# #.##....#########
#.....#≈≈≈# #.#####..........
#.....#≈≈≈# #.....'..........
#.....#≈≈≈# #.##.##..........
#≈.≈# #.## #[......... #≈≈≈# #.#
#........[. #≈≈≈# #..........


You could see futacatgirl's ghost.

Vanquished Creatures
  2 giant frogs (Sewer)
  A hound (D:4)
  An orc wizard (D:4)
  A centaur skeleton (D:4)
  Terence (D:3)
  3 adders
  4 worms
  6 giant geckos
  2 orcs (D:4)
  4 bats
  13 giant cockroaches
  11 goblins
  8 hobgoblins
  4 jackals (D:3)
  6 kobolds
  4 ball pythons
  8 giant newts
  2 quokkas
  8 rats
89 creatures vanquished.

Notes
Turn   | Place    | Note
--------------------------------------------------------------
     0 | D:1      | Kloppie the Draconian Ice Elementalist began the quest for the Orb.
     0 | D:1      | Reached XP level 1. HP: 14/14 MP: 3/3
   137 | D:1      | Reached XP level 2. HP: 20/20 MP: 0/5
   151 | D:1      | HP: 1/20 [hobgoblin/club (3)]
  1151 | D:2      | Reached XP level 3. HP: 18/26 MP: 0/7
  1156 | D:2      | Learned a level 3 spell: Ozocubu's Armour
  1766 | D:2      | Reached skill level 4 in Ice Magic
  2060 | D:3      | Found a sacrificial altar of Ru.
  2312 | D:3      | Reached XP level 4. HP: 33/33 MP: 6/8
  2412 | D:3      | Noticed Terence
  2419 | D:3      | Killed Terence
  2897 | D:3      | Learned a level 4 spell: Throw Icicle
  3053 | D:4      | Reached XP level 5. HP: 23/38 MP: 6/9
  3247 | D:4      | Found a glowing drain.
  3340 | Sewer    | Entered a sewer
  3695 | Sewer    | Reached skill level 5 in Ice Magic
  3695 | Sewer    | Reached XP level 6. HP: 39/45 MP: 2/10
  3869 | D:4      | Noticed futacatgirl's ghost (amateur FeEn)
  3925 | D:4      | HP: 2/45 [futacatgirl's ghost (3)]
  3930 | D:4      | Slain by futacatgirl's ghost

Action                   |  1- 3 |  4- 6 || total
-------------------------+-------+-------++-------
Melee: Club              |    45 |       ||    45
       Whip              |     7 |       ||     7
       Mace              |       |   112 ||   112
 Cast: Freeze            |    69 |    34 ||   103
       Ozocubu's Armour  |       |     4 ||     4
 Stab: Sleeping          |       |     2 ||     2
  Eat: Chunk             |     5 |     5 ||    10
